 Dungeon Crawl Stone Soup version 0.27-a0-1123-g2f9bb313c0 (webtiles) character file.

Game seed: 13686909335136103486

89 RealJoeEstevez the Gusty (level 4, -8/30 HPs)
             Began as a Formicid Air Elementalist on May 4, 2021.
             Mangled by Sigmund
             ... wielding a +0 scythe
              (10 damage)
             ... on level 2 of the Dungeon.
             The game lasted 00:05:34 (2773 turns).

RealJoeEstevez the Gusty (FoAE)                     Turns: 2773, Time: 00:05:35

Health: -8/30      AC:  6    Str: 12 (13) XL:     4   Next: 84%
Magic:  1/8        EV: 10    Int: 12 (15) God:
Gold:   105        SH:  0    Dex: 10 (11) Spells: 5/8 levels left

rFire    + . .     SeeInvis +   l - +1 short sword (holy)
rCold    . . .     Faith    .   (no shield)
rNeg     . . .     Spirit   .   k - +0 ring mail {rF+}
rPois    .         Reflect  .   (helmet unavailable)
rElec    .         Harm     .   (no cloak)
rCorr    .         Rampage  .   (no gloves)
Will     .....                  o - +0 pair of boots
Stlth    +.........             (no amulet)
HPRegen  0.10/turn              (no ring)
MPRegen  0.11/turn              (no ring)

@: brilliant, attractive, flying
A: permanent stasis, dig shafts and tunnels, antennae 3, four strong arms
a: Dig, Shaft Self


You were on level 2 of the Dungeon.
You visited 1 branch of the dungeon, and saw 3 of its levels.

You collected 105 gold pieces.

Inventory:

Hand Weapons
 h - a +0 dagger
 l - a +1 short sword of holy wrath (weapon)
Armour
 a - a +0 robe
 k - a +0 ring mail of fire resistance (worn)
 o - a +0 pair of boots (worn)
Scrolls
 b - 2 scrolls of enchant weapon {unknown}
 d - a scroll of identify {unknown}
 i - a scroll of teleportation {unknown}
Potions
 c - a potion of brilliance
 e - a potion of degeneration
 f - a potion of attraction
 n - a potion of haste {unknown}


   Skills:
 + Level 0.2 Armour
 - Level 1.7 Dodging
 - Level 2.4 Stealth
 - Level 2.8 Spellcasting
 * Level 2.3 Conjurations
 * Level 3.3 Air Magic


You had 5 spell levels left.
You knew the following spells:

 Your Spells              Type           Power      Damage    Failure   Level
a - Shock                 Conj/Air       48%        1d6       19%         1
b - Static Discharge      Conj/Air       12%        N/A       26%         2

Your spell library contained the following spells:

 Spells                   Type           Power      Damage    Failure   Level
 Airstrike                Air            7%         N/A       82%         4
 Lightning Bolt           Conj/Air       6%         1d18      99%         5
 Swiftness                Air            Unusable   N/A       N/A         3

Dungeon Overview and Level Annotations

Branches:
Dungeon (3/15)

Altars:

Shops:
D:3 ?

Annotations:
D:2 Sigmund
D:3 Jessica


Innate Abilities, Weirdness & Mutations

You cannot be hasted, slowed, berserked, paralysed or teleported.
You can dig through walls and to a lower floor.
You have a pair of large antennae on your head. (SInv)
Your four strong arms can wield two-handed weapons with a shield.


Message History

Casting: Static Discharge (safe; 21% risk of failure)
Confirm with . or Enter, or press ? or * to list all spells.
Sigmund is struck by an arc of lightning.
Sigmund is moderately wounded.
You are struck by an arc of lightning.
* * * LOW HITPOINT WARNING * * *
The lightning grounds out.
Sigmund points at you and mumbles some strange words.
The puff of flame hits you. You resist.
* * * LOW HITPOINT WARNING * * *
Casting: Static Discharge (safe; 21% risk of failure)
Confirm with . or Enter, or press ? or * to list all spells.
Sigmund is struck by an arc of lightning.
Sigmund is moderately wounded.
You are struck by an arc of lightning.
* * * LOW HITPOINT WARNING * * *
The lightning grounds out.
Sigmund closely misses you.
Unknown command.
It was a potion of brilliance.
You feel clever all of a sudden. Sigmund closely misses you.
It was a potion of degeneration.
There was something very wrong with that liquid.
You feel weakened.
You feel dopey.
You feel clumsy.
Sigmund points at you and mumbles some strange words.
The magic dart hits you but does no damage.
It was a potion of attraction.
You feel attractive to monsters. Sigmund closely misses you.
It was a potion of curing.
You feel better. Sigmund hits you with a +0 scythe!
* * * LOW HITPOINT WARNING * * *
It was a potion of flight.
You feel very buoyant.
You fly up into the air.
Sigmund hits you with a +0 scythe.
* * * LOW HITPOINT WARNING * * *
Your magical contamination has completely faded away.
It was a potion of berserk rage.
Your stasis prevents you from going berserk.
Sigmund hits you with a +0 scythe!
You die...

#................###########.
#.....................†.....>
#................############
##.#######.......# #.#
#.......# #.# #.......# #.#
#.......# #†# #.@.....# #.#
#..@....# #.# #.......# #.#
#.......# ######.# #########
.......# ########


You could see Sigmund (invisible).

Vanquished Creatures
  Robin (D:2)
  An adder (D:2)
  2 worms
  3 dart slugs
  A ball python (D:2)
  7 endoplasms
  A giant cockroach (D:1)
  11 hobgoblins
  2 quokkas (D:2)
  6 bats
  2 frilled lizards (D:1)
  9 goblins
  3 kobolds
  3 rats
52 creatures vanquished.

Notes
Turn   | Place    | Note
-------+----------+-------------------------------------------
     0 | D:1      | RealJoeEstevez the Formicid Air Elementalist began the
                  | quest for the Orb.
     0 | D:1      | Reached XP level 1. HP: 13/13 MP: 3/3
    26 | D:1      | Reached skill level 1 in Conjurations
   178 | D:1      | Reached XP level 2. HP: 19/19 MP: 1/5
   672 | D:1      | Reached XP level 3. HP: 23/24 MP: 2/6
  1265 | D:2      | Found a faded altar of an unknown god.
  1321 | D:2      | Noticed Robin
  1345 | D:2      | Killed Robin
  1346 | D:2      | Reached skill level 3 in Air Magic
  1350 | D:2      | Reached XP level 4. HP: 14/30 MP: 1/8
  2269 | D:2      | Learned a level 2 spell: Static Discharge
  2605 | D:3      | Found Zoopus's Magic Scroll Shoppe.
  2731 | D:3      | Noticed Sigmund
  2731 | D:3      | Noticed Jessica
  2773 | D:2      | Mangled by Sigmund

Illustrated notes

Levels and vault maps discovered:
D:1:      minmay_arrival_four_houses, layout_basic,
          wander_ebering_terrifying_dragon_lair
D:2:      layout_basic, hellmonk_ecumenical_altar_run_dry, uniq_robin
D:3:      layout_loops_ring, portal_sewer_entry_f, serial_shops,
          nicolae_shop_temple_entry_statues_fountains, minmay_fractal_squares_5,
          uniq_sigmund, uniq_jessica

Skill      XL: |  1  2  3 |
---------------+----------+-----
Conjurations   | 1 2 |  2.3
Air Magic      | 3 |  3.3
Armour         | |  0.2
Dodging        | |  1.7
Stealth        | |  2.4
Spellcasting   | |  2.8

Action                   |  1- 3 |  4- 6 || total
-------------------------+-------+-------++-------
Melee: Unarmed           |    25 |       ||    25
       Dagger            |     7 |       ||     7
       Short sword       |    14 |    34 ||    48
 Cast: Shock             |    42 |    53 ||    95
       Static Discharge  |       |     3 ||     3
  Use: Potion            |       |     6 ||     6
Armor: Robe              |     4 |       ||     4
       Ring mail         |     9 |    23 ||    32
Dodge: Dodged            |    31 |    29 ||    60

Table legend: (Time is in decaauts)
 A = Elapsed time spent in this place.
 B = Non-inter-level travel time spent in this place.
 C = Inter-level travel time spent in this place.
 D = Time resting spent in this place.
 E = Time spent auto-exploring this place.
 F = Levels seen in this place.
 G = Mean time per level.
                   A        B        C        D        E       F      G
               +--------+--------+--------+--------+--------+-----+--------+
         Total |   2776 |   2749 |     27 |     36 |   2244 |   3 |  925.3 |
       Dungeon |   2776 |   2749 |     27 |     36 |   2244 |   3 |  925.3 |
               +--------+--------+--------+--------+--------+-----+--------+

Top non-repeatable levels by time:
     D:2: 1561 daAuts
     D:1: 989 daAuts
     D:3: 226 daAuts
